 Dungeon Crawl Stone Soup version 0.30-b1-2-g02819fbbbe (webtiles) character file.

Game seed: 3262343210947430689

32 seren the Covered (level 3, -1/33 HPs)
             Began as an Armataur Fighter on Jan 4, 2024.
             Slain by a hobgoblin (3 damage)
             ... led by Robin
             ... on level 2 of the Dungeon.
             The game lasted 00:02:50 (1091 turns).

seren the Covered (Armataur Fighter)                Turns: 1091, Time: 00:02:51

Health: -1/33      AC:  7    Str: 23    XL:     3   Next: 10%
Magic:  3/3        EV:  7    Int:  8    God:
Gold:   77         SH:  4    Dex:  9    Spells: 2/2 levels left

rFire   . . .        f - +0 dagger (venom)
rCold   . . .        c - +0 buckler
rNeg    . . .        b - +0 scale mail
rPois   .            (no helmet)
rElec   .            (no cloak)
rCorr   .            (no gloves)
SInv    .            (no barding)
Will    .....        (no amulet) Stlth
                     (no ring)
HPRegen 0.25/turn    (no ring)
MPRegen 0.08/turn

%: roll
@: mighty, attractive
A: large, rugged brown scales 3, deformed body, armoured tail, roll, long
tongue, awkward tongue
a: no special abilities


You were on level 2 of the Dungeon.
You visited 1 branch of the dungeon, and saw 2 of its levels.

You collected 77 gold pieces.

Inventory:

Hand Weapons
 a - a +0 long sword
 f - a +0 dagger of venom (weapon)
Armour
 b - a +0 scale mail (worn)
 c - a +0 buckler (worn)
Jewellery
 k - a ring of protection from cold
Scrolls
 e - a scroll of identify
 i - a scroll of silence
Potions
 g - a potion of degeneration {unknown}
 h - a potion of haste {unknown}
 l - a potion of heal wounds {unknown}


   Skills:
 + Level 3.0 Fighting
 + Level 2.2 Long Blades
 + Level 4.0 Armour
 + Level 0.7 Dodging
 - Level 3.3 Shields


You had 2 spell levels left.
You didn't know any spells.
Your spell library contained the following spells:

 Spells                   Type           Power      Damage    Failure   Level
 Summon Small Mammal      Summ           0%         N/A       78%         1
 Call Canine Familiar     Summ           0%         N/A       98%         3
 Summon Guardian Golem    Hex/Summ       0%         N/A       98%         3


Dungeon Overview and Level Annotations

Branches:
Dungeon (2/15)

Altars:

Annotations:
D:2 Robin


Innate Abilities, Weirdness & Mutations

You are completely covered in rugged brown scales. (AC +3, +7% HP)
Armour fits poorly on your strangely shaped body.
You have a long armoured tail.
You roll when moving toward enemies. (Rampage)
Your long tongue fully drains potion bottles. (2x potion effects)
Your tongue gives you trouble enunciating. (1.5x scroll delay)


Message History

i - a scroll of silence You feel sick.
The adder bites you.
* * * LOW HITPOINT WARNING * * *
The hobgoblin barely misses you. The goblin hits you with a +0 dagger.
* * * LOW HITPOINT WARNING * * *
The goblin barely misses you. The adder bites you but does no damage.
The goblin hits you but does no damage. You block the goblin's attack.
The hobgoblin hits you but does no damage.
You feel very mighty all of a sudden.
You slurp down every last drop of the potion of might!
You feel sick.
The goblin no longer looks unusually strong.
The adder bites you but does no damage. You block the hobgoblin's attack.
The goblin hits you but does no damage. The goblin barely misses you.
It was a potion of attraction.
You feel attractive to monsters.
You slurp down every last drop of the potion of attraction!
You feel sick.
You are no longer poisoned.
The adder closely misses you. You block the hobgoblin's attack.
The goblin barely misses you. You block the goblin's attack.
Robin zaps a wand.
The puff of flame hits you.
* * * LOW HITPOINT WARNING * * *
As you slowly read the scroll labelled XOUHIS AMESHRU, it crumbles to dust.
You hear a loud clanging noise!
It was a scroll of noise.
The hobgoblin no longer looks unusually strong.
The adder barely misses you. x2; The hobgoblin hits you.
* * * LOW HITPOINT WARNING * * *
The goblin barely misses you. The goblin hits you but does no damage.
Robin says, "Duck!"
You are too injured to fight recklessly!
You are too injured to fight recklessly!
You are too injured to fight recklessly!
You are too injured to fight recklessly!
You are too injured to fight recklessly!
You are too injured to fight recklessly!
You closely miss the adder.
Your tail-slap misses the adder.
The adder bites you but does no damage. The hobgoblin hits you.
You die...

#....##.#..###.##......
#.....#.##.............
#.....#.#....#...#.....
###.......#..###.##....
###.>.##..####...........
#...####..########.......
##.##....g..........>#.###
#.....###gg########.##.# #
##.#### #@g##### #....# #
#..# #SgJ...#####.###..
##.# #rgg...#.........#
#.# #J........<....... #.#
#.......#########. #.#
###......## ...
#.###........# ...
#.##..##.##### ...
#....###..#


You could see Robin, an adder, 2 endoplasms, 3 hobgoblins, 3 goblins and a rat.

Vanquished Creatures
  A ball python (D:1)
  A bat (D:1)
  2 endoplasms (D:2)
  A giant cockroach (D:2)
  7 goblins
  3 hobgoblins
  2 jackals (D:1)
  2 kobolds (D:1)
  3 quokkas
  A frilled lizard (D:1)
  3 rats
26 creatures vanquished.

Notes
Turn   | Place    | Note
-------+----------+-------------------------------------------
     0 | D:1      | seren the Armataur Fighter began the quest for the Orb.
     0 | D:1      | Reached XP level 1. HP: 19/19 MP: 1/1
   291 | D:1      | Reached XP level 2. HP: 23/26 MP: 2/2
   691 | D:1      | Found a faded altar of an unknown god.
   922 | D:2      | Reached skill level 4 in Armour
   924 | D:2      | Noticed Robin
  1024 | D:2      | Reached XP level 3. HP: 32/33 MP: 3/3
  1090 | D:2      | HP: 1/33 [hobgoblin[Robin] (1)]
  1091 | D:2      | Slain by a hobgoblin

Illustrated notes

Levels and vault maps discovered:
D:1:      lightli_arrival_statuegarden, layout_basic,
          ebering_ecumenical_altar_mist, minmay_misc_feat_ornament,
          minmay_misc_feat_tower
D:2:      layout_rooms, minivault_23, minmay_misc_feat_roman, minmay_tromino_v2,
          uniq_robin

Skill      XL: |  1  2 |
---------------+-------+-----
Long Blades    | 2 |  2.2
Fighting       | 3 |  3.0
Armour         | 4 |  4.0
Dodging        | |  0.7
Shields        | |  3.3

Action                     || total
---------------------------++-------
  Melee: Long sword        ||    16
         Dagger            ||    74
         Tailslap          ||    11
    Use: Scroll            ||     2
         Potion            ||     2
 Armour: Scale mail        ||    59
  Dodge: Dodged            ||    34
  Block: Buckler           ||    22
